 Dungeon Crawl Stone Soup version 0.26-b1-57-gb162d0664a (webtiles) character file.

Game seed: 1184281670250481511

2010467 flt the Annihilator (level 27, 243/254 HPs)
             Began as a Yellow Draconian Conjurer on Jan 6, 2021.
             Was an Initiate of Gozag.
             Escaped with the Orb
             ... and 5 runes on Jan 8, 2021!
             The game lasted 11:34:55 (168934 turns).

flt the Annihilator (Yellow Draconian Conjurer)   Turns: 168934, Time: 11:34:56

Health: 243/254    AC: 18    Str: 11    XL:     27
Magic:  18/47      EV: 21    Int: 37    God:    Gozag
Gold:   3136       SH: 18    Dex: 12    Spells: 4/67 levels left

rFire    + + +     SeeInvis +   b - +7 broad axe of Zypn {vorpal, rPois Will+ Int+3}
rCold    + . .     Faith    .   C - +5 kite shield {reflect}
rNeg     + . .     Spirit   .   (armour unavailable)
rPois    +         Reflect  +   e - +1 hat
rElec    +         Harm     +   F - scarf {repulsion}
rCorr    +         Rampage  .   v - +0 pair of gloves of the Lich-sworn {Harm Will+++ Regen+ Dex-2}
Will     +++++                  s - +2 pair of boots {run}
Stlth    +.........             n - amulet of Bavourum {RegenMP *Drain rPois rF+++ rC+}
HPRegen  0.92/turn              l - ring of see invisible
MPRegen  0.55/turn              h - ring "Hoelastru" {rElec rN+ Int+8}

@: gold aura, repel missiles, quick
A: spit acid, unfitting armour, mutation resistance 2, acidic bite,
cold-blooded, acid resistance, AC +13
0: Orb of Zot
}: 5/15 runes: decaying, serpentine, slimy, silver, abyssal
a: Breathe Acid, Renounce Religion, Potion Petition, Call Merchant, Bribe Branch


You escaped.
You worshipped Gozag.
Gozag was most pleased with you.
You visited 13 branches of the dungeon, and saw 59 of its levels.
You visited the Abyss 11 times.
You visited 1 ziggurat, and saw 1 of its levels.
You also visited: Ossuary and Wizlab.

You collected 43916 gold pieces.
You spent 14994 gold pieces at shops.
You paid 25786 gold pieces to Gozag.

Inventory:

Hand Weapons
 b - the +7 broad axe of Zypn (weapon) {vorpal, rPois Will+ Int+3}
   (You found it on level 5 of the Pits of Slime)

   It inflicts extra damage upon your enemies.
   It affects your intelligence (+3).
   It protects you from poison.
   It affects your willpower, your defense against some magical effects.
 I - the +1 trident of the Living Dead {elec, Int+4 Dex+4}
   (You bought it in a shop on level 2 of the Orcish Mines)

   Occasionally, upon striking a foe, it can discharge electrical energy and
   cause terrible harm.
   It affects your intelligence (+4).
   It affects your dexterity (+4).
 S - a +1 sacred scourge of holy wrath
Missiles
 p - 30 boomerangs (quivered)
 K - 34 curare-tipped darts
 Q - 8 throwing nets
 Y - 9 boomerangs of dispersal
Armour
 e - a +1 hat (worn)
 s - a +2 pair of boots of running (worn)
 v - the +0 pair of gloves of the Lich-sworn (worn) {Harm Will+++ Regen+ Dex-2}
   (You acquired it on level 3 of the Vaults)

   It affects your dexterity (-2).
   It affects your willpower, your defense against some magical effects.
   It increases your rate of regeneration.
   It increases damage dealt and taken.
 C - a +5 kite shield of reflection (worn)
 F - a scarf of repulsion (worn)
Magical Staves
 A - an uncursed staff of conjuration
Jewellery
 h - the ring "Hoelastru" (right hand) {rElec rN+ Int+8}
   (You bought it in a shop on level 2 of the Orcish Mines)

   [ring of positive energy]

   It affects your intelligence (+8).
   It insulates you from electricity.
   It protects you from negative energy.
 l - a ring of see invisible (left hand)
 n - the amulet of Bavourum (around neck) {RegenMP *Drain rPois rF+++ rC+}
   (You took it off a deep elf mage on level 3 of the Elven Halls)

   [amulet of magic regeneration]

   It increases your magic regeneration.
   It renders you almost immune to fire.
   It protects you from cold.
   It protects you from poison.
   It causes draining when unequipped.
 r - the ring "Zosel" {+Inv rElec rPois rC+}
   (You bought it in a shop on level 2 of the Orcish Mines)

   [ring of poison resistance]

   It protects you from cold.
   It insulates you from electricity.
   It protects you from poison.
   It lets you turn invisible.
 T - the amulet of the Four Winds {rN+ Will+++ Clar}
   (You bought it in a shop on level 2 of the Orcish Mines)

   [amulet of nothing]

   It protects you from negative energy.
   It affects your willpower, your defense against some magical effects.
   It protects you against confusion.
 V - the ring "Dudad" {+Blink rF+ rC++ Will+ Dex-2}
   (You took it off a deep elf mage on level 3 of the Elven Halls)

   [ring of protection from fire]

   It affects your dexterity (-2).
   It protects you from fire.
   It greatly protects you from cold.
   It affects your willpower, your defense against some magical effects.
   It lets you blink.
Wands
 k - a wand of acid (21)
 y - a wand of iceblast (68)
 D - a wand of digging (21)
 P - a wand of disintegration (26)
Scrolls
 d - 3 scrolls of magic mapping
 f - 3 scrolls of enchant armour
 i - 22 scrolls of teleportation
 o - 7 scrolls of fear
 w - 19 scrolls of fog
 E - 6 scrolls of immolation
 H - 39 scrolls of remove curse
 L - 13 scrolls of identify
 O - 7 scrolls of blinking
 W - 2 scrolls of holy word
Potions
 g - 9 potions of heal wounds
 j - 15 potions of lignification
 q - 34 potions of curing
 t - 7 potions of cancellation
 x - 14 potions of haste
 z - 5 potions of resistance
 B - 6 potions of might
 G - 8 potions of brilliance
 M - 4 potions of invisibility
 N - 9 potions of mutation
 R - 9 potions of flight
 Z - 4 potions of ambrosia
Miscellaneous
 a - a phantom mirror
 c - a condenser vane
 m - a condenser vane
 u - a phial of floods
 J - a phantom mirror
 U - a tin of tremorstones (2/2)
 X - a phantom mirror


   Skills:
 - Level 22.0 Fighting
 - Level 8.1(10.0) Axes
 - Level 6.6(8.4) Maces & Flails
 - Level 6.0(7.9) Polearms
 - Level 16.0 Dodging
 - Level 1.7 Stealth
 - Level 15.0 Shields
 - Level 20.5 Spellcasting
 O Level 27 Conjurations
 - Level 3.0 Hexes
 - Level 8.0 Summonings
 + Level 23.3 Fire Magic
 - Level 14.0 Ice Magic
 - Level 8.0 Air Magic
 - Level 8.0 Evocations


You had 4 spell levels left.
You knew the following spells:

 Your Spells              Type           Power        Failure   Level
a - Iron Shot             Conj/Erth      47%          1%          6
b - Airstrike             Air            38%          1%          4
c - Freezing Cloud        Conj/Ice/Air   51%          1%          6
e - Fire Storm            Conj/Fire      61%          2%          9
f - Fireball              Conj/Fire      61%          0%          5
l - Lightning Bolt        Conj/Air       53%          0%          5
o - Orb of Destruction    Conj           63%          0%          7
r - Ozocubu's Refrigerat  Ice            48%          1%          6
s - Spellforged Servitor  Conj/Summ      53%          1%          7
A - Apportation           Tloc           74%          1%          1
B - Blink                 Tloc           N/A          1%          2
O - Ozocubu's Armour      Ice            96%          0%          3
P - Passwall              Tmut/Erth      30%          1%          2

Your spell library contained the following spells:

 Spells                   Type           Power        Failure   Level
 Foxfire                  Conj/Fire      100%         0%          1
 Freeze                   Ice            100%         0%          1
 Magic Dart               Conj           100%         0%          1
 Shock                    Conj/Air       100%         0%          1
 Searing Ray              Conj           100%         0%          2
 Conjure Flame            Conj/Fire      100%         0%          3
 Dazzling Flash           Conj/Hex       100%         0%          3
 Frozen Ramparts          Ice            100%         0%          3
 Inner Flame              Hex/Fire       94%          0%          3
 Static Discharge         Conj/Air       100%         0%          3
 Stone Arrow              Conj/Erth      100%         0%          3
 Fulminant Prism          Conj/Hex       49%          0%          4
 Hailstorm                Conj/Ice       100%         0%          4
 Sticky Flame             Conj/Fire      100%         0%          4
 Animate Skeleton         Necr           74%          1%          1
 Beastly Appendage        Tmut           74%          1%          1
 Corona                   Hex            62%          1%          1
 Pain                     Necr           100%         1%          1
 Sandblast                Erth           74%          1%          1
 Sting                    Tmut/Pois      100%         1%          1
 Summon Small Mammal      Summ           100%         1%          1
 Call Imp                 Summ           77%          1%          2
 Corpse Rot               Necr/Air       N/A          1%          2
 Ensorcelled Hibernation  Hex/Ice        100%         1%          2
 Poisonous Vapours        Pois/Air       100%         1%          2
 Slow                     Hex            56%          1%          2
 Sublimation of Blood     Necr           18%          1%          2
 Swiftness                Air            77%          1%          2
 Wereblood                Tmut           37%          1%          2
 Call Canine Familiar     Summ           77%          1%          3
 Confusing Touch          Hex            56%          1%          3
 Ignite Poison            Fire/Tmut/Pois 77%          1%          3
 Mephitic Cloud           Conj/Pois/Air  90%          1%          3
 Portal Projectile        Hex/Tloc       98%          1%          3
 Summon Guardian Golem    Hex/Summ       68%          1%          3
 Tukima's Dance           Hex            56%          1%          3
 Ice Form                 Ice/Tmut       74%          1%          4
 Iskenderun's Mystic Bla  Conj/Tloc      95%          1%          4
 Summon Ice Beast         Ice/Summ       87%          1%          4
 Summon Lightning Spire   Summ/Air       77%          1%          4
 Gell's Gravitas          Tloc           18%          2%          3
 Lesser Beckoning         Tloc           18%          2%          3
 Vampiric Draining        Necr           18%          2%          3
 Cause Fear               Hex            28%          2%          4
 Leda's Liquefaction      Hex/Erth       24%          4%          4
 Animate Dead             Necr           18%          8%          4
 Dispel Undead            Necr           37%          8%          4
 Olgreb's Toxic Radiance  Pois           37%          8%          4
 Petrify                  Tmut/Erth      37%          8%          4
 Iskenderun's Battlesphe  Conj           100%         0%          5
 Starburst                Conj/Fire      61%          0%          6
 Bolt of Magma            Conj/Fire/Erth 52%          1%          5
 Irradiate                Conj/Tmut      47%          1%          5
 Metabolic Englaciation   Hex/Ice        39%          1%          5
 Summon Demon             Summ           38%          1%          5
 Conjure Ball Lightning   Conj/Air       53%          1%          6
 Ignition                 Fire           59%          1%          8
 Silence                  Hex/Air        34%          2%          5
 Summon Mana Viper        Hex/Summ       68%          2%          5
 Chain Lightning          Conj/Air       53%          3%          8
 Summon Forest            Summ/Tloc      30%          4%          5
 Shadow Creatures         Summ           N/A          4%          6
 Simulacrum               Ice/Necr       37%          6%          6
 Yara's Violent Unravell  Hex/Tmut       24%          11%         5
 Lehudib's Crystal Spear  Conj/Erth      47%          19%         8
 Agony                    Necr           37%          21%         5
 Alistair's Intoxication  Tmut/Pois      24%          21%         5
 Blade Hands              Tmut           18%          21%         5
 Borgnjor's Vile Clutch   Necr/Erth      18%          21%         5
 Excruciating Wounds      Necr           18%          21%         5
 Lee's Rapid Deconstruct  Erth           18%          21%         5
 Monstrous Menagerie      Summ           38%          24%         7
 Summon Greater Demon     Summ           38%          24%         7
 Summon Hydra             Summ           38%          24%         7
 Invisibility             Hex            56%          32%         6
 Death Channel            Necr           18%          75%         6
 Dispersal                Tloc           18%          75%         6
 Eringya's Noxious Bog    Tmut/Pois      18%          75%         6
 Hydra Form               Tmut           18%          75%         6
 Statue Form              Tmut/Erth      24%          75%         6
 Malign Gateway           Summ/Tloc      30%          77%         7
 Summon Horrible Things   Summ           38%          88%         8
 Absolute Zero            Ice            48%          94%         9
 Dragon Form              Tmut           18%          99%         7
 Discord                  Hex            28%          100%        8
 Disjunction              Tloc           18%          100%        8
 Dragon's Call            Summ           38%          100%        9
 Shatter                  Erth           18%          100%        9
 Tornado                  Air            38%          100%        9


Dungeon Overview and Level Annotations

Branches:
Dungeon (15/15)            Temple (1/1) D:6            Lair (6/6) D:11
  Swamp (4/4) Lair:4        Snake (4/4) Lair:3        Slime (5/5) Lair:6
    Orc (2/2) D:10            Elf (3/3) Orc:2        Vaults (5/5) D:14
  Crypt (3/3) Vaults:3       Tomb (0/3) Crypt:3      Depths (5/5) D:15
   Hell (visited)             Dis (0/7) Hell            Geh (0/7) Hell
    Coc (0/7) Hell            Tar (0/7) Hell            Zot (5/5) Depths:5
Ossuary (visited)          WizLab (visited)

Altars:
Ashenzari
Cheibriados
Dithmenos
Elyvilon
Fedhas
Gozag
Hepliaklqana
Kikubaaqudgha
Makhleb
Nemelex Xobeh
Okawaru
Qazlal
Ru
Sif Muna
Trog
Uskayaw
Vehumet
Wu Jian
Xom
Yredelemnul
Zin
The Shining One
Beogh
Lugonu

Shops:
D:6 [   D:9 [   D:11 [   D:13 }   D:14 :   Orc:1 ?   Orc:2 [=[*(=   Elf:1 (*:}
Elf:2 }   Elf:3 !*   Snake:2 }=}   Vaults:1 *?[}   Vaults:3 ?*(:
Vaults:4 (*[*[   Depths:3 *

Portals:
Hell: Depths:1 Depths:2 Depths:3 Depths:4 Depths:5
Abyss: Depths:1 Depths:2 Depths:4* Depths:5
Pandemonium: Depths:2 Depths:3 Depths:5

Annotations:
D:5 1 runed translucent door
Elf:2 3 runed translucent doors, 2 transporters, wjchen's ghost, adept MiFi
Elf:3 1 runed translucent door, Kaobra's ghost, adept GnWz
Vaults:4 Mennas
Depths:1 2 transporters, Caat Rau's ghost, adept DgCj
Depths:3 1 transporter
Depths:4 2 transporters, Dameikh's ghost, veteran FoFi


Innate Abilities, Weirdness & Mutations

You can spit globs of acid.
Your golden yellow scales are hard. (AC +13)
You cannot fit into any form of body armour.
You have acidic saliva.
You are cold-blooded and may be slowed by cold attacks.
You are resistant to acid. (rCorr)
You are somewhat resistant to both further mutation and mutation removal.


Message History

Casting: Apportation (safe; 1% risk of failure)
Confirm with . or Enter, or press ? or * to list all spells.
Aiming: Apportation (safe; 1% risk of failure)
Press: ? - help, Dir - move target Apport: 3 gold pieces Yoink!
You pull the items towards yourself.
Casting: Apportation (safe; 1% risk of failure)
Confirm with . or Enter, or press ? or * to list all spells.
Aiming: Apportation (safe; 1% risk of failure)
Press: ? - help, Dir - move target Apport: 3 gold pieces Yoink!
You pull the items towards yourself.
Casting: Apportation (safe; 1% risk of failure)
Confirm with . or Enter, or press ? or * to list all spells.
Aiming: Apportation (safe; 1% risk of failure)
Press: ? - help, Dir - move target, f - you Apport: 15 gold pieces
Okay, then.
You now have 3136 gold pieces (gained 15).
You have escaped!

#####$$######## ########.# #.#
....#.#')....$####......'## #.#
###.#.#......$.##........# #.#
###.#.#.$.##...##...##...# #.#
......#..####..##..####..# #.#
###.#.#..####..##..####..#####.##
###.#.#...##...##...##...#.......
....#.#..................###.....
#####.##........@.......## #....#
#########..##..###### #.#.##
##########..##..###### #.#...
#..##................## #.#.##
#.##..................# #.#+##
#.##...##...##...##...# #....# #
#.##..####..##..####..###....รท
## #..#..####..##..####..##......
.###..#...##...##...##...#.......


There were no monsters in sight!

Vanquished Creatures
  the Royal Jelly (Slime:5)
  2 orbs of fire (Zot:5)
  7 ancient liches
  A pandemonium lord (D:4)
  Sojobo (Depths:4)
  Frederick (Depths:4)
  A curse toe (Zot:3)
  Saint Roka (Crypt:1)
  Vashnia (Snake:3)
  4 Killer Klowns
  7 golden dragons
  Geryon (Hell)
  the Enchantress (Depths:3)
  2 profane servitors
  Nikola (Swamp:1)
  A pearl dragon (Depths:5)
  8 bone dragons
  A Brimstone Fiend (D:5)
  2 electric golems
  14 tentacled monstrosities
  2 Hell Sentinels
  2 Ice Fiends
  8 liches
  A hellephant (Depths:5)
  A moon troll (WizLab)
  19 Orb Guardians
  10 quicksilver dragons
  Asterion (Elf:2)
  3 deep elf blademasters
  4 titans
  7 death cobs
  2 Executioners
  2 deep elf master archers (Elf:3)
  Murray (Hell)
  21 acid blobs
  5 ancient champions
  27 tentacled starspawn
  8 sphinxes
  The ghost of Polaczum the Brawler, an adept TrMo of Nemelex Xobeh (Depths:2)
  2 draconian monks
  Kirke (Lair:4)
  Donald (Swamp:1)
  7 shadow dragons
  Roxanne (D:14)
  12 storm dragons
  4 revenants
  6 nagarajas
  A thorn hunter (Depths:2)
  12 azure jellies
  9 tengu reavers
  4 orc warlords
  A fenstrider witch (Swamp:1)
  9 deep elf sorcerers
  7 draconian scorchers
  5 fire giants
  Aizul (Lair:4)
  The ghost of Zoimialu the Destroyer, an adept OpWz of Vehumet (Snake:1)
  17 vault wardens
  2 draconian knights
  A balrug (Depths:5)
  8 frost giants
  The ghost of Icun the Thaumaturge, a journeyman GnWr of Okawaru (Snake:1)
  3 curse skulls
  2 iron dragons
  3 ghost moths
  3 cacodemons
  4 ghouls
  A draconian shifter (Zot:1)
  An angel (D:12)
  8 deep elf elementalists
  4 spriggan defenders
  2 ophanim
  33 very ugly things
  15 ironheart preservers
  3 draconian annihilators
  39 stone giants
  8 reapers
  6 vampire knights
  8 war gargoyles
  2 grey draconians (Depths:5)
  An apis (Depths:5)
  7 green draconians
  A dire elephant (Zot:4)
  3 lorocyprocas
  4 spark wasps
  8 deep elf annihilators
  40 starcursed masses
  8 deep elf demonologists
  2 entropy weavers (Abyss:3)
  10 black draconians
  11 purple draconians
  10 yellow draconians
  Nessos (D:14)
  4 red draconians
  4 bunyips
  6 deep elf death magi
  9 death oozes
  4 eidola
  2 mummy priests (Depths:2)
  6 white draconians
  2 eleionomae
  An ettin (shapeshifter) (Vaults:5)
  7 ettins
  2 blizzard demons
  A quicksilver dragon zombie (Crypt:2)
  A shambling mangrove (Swamp:4)
  12 fire dragons
  6 green deaths
  A crystal guardian (Vaults:4)
  10 deep elf high priests
  A quicksilver dragon skeleton (Depths:3)
  16 naga warriors
  19 great orbs of eyes
  30 vault guards
  25 jiangshi
  17 yaktaur captains
  8 rakshasas
  5 ghost crabs
  Harold (Lair:2)
  7 boulder beetles
  10 ice dragons
  A hell beast (D:1)
  24 hydras
  An anaconda (shapeshifter) (Vaults:5)
  7 centaur warriors
  32 two-headed ogres
  2 catoblepae (Lair:6)
  6 spriggan air magi
  7 anacondas
  10 tengu warriors
  17 death yaks
  Erica (D:8)
  9 death knights
  The ghost of lasso the Cleaver, a novice MiFi of Uskayaw (D:9)
  7 orc high priests
  17 ogre magi
  9 alligators
  5 hell hogs
  13 deep troll shamans
  A titan zombie (Abyss:2)
  18 thrashing horrors
  8 spriggan berserkers
  8 naga sharpshooters
  9 deep troll earth magi
  17 deep elf knights
  8 soul eaters
  6 vampire magi
  13 hell knights
  8 sun demons
  5 shock serpents
  2 iron golems (Hell)
  Nergalle (D:10)
  Sonja (Lair:4)
  36 skeletal warriors
  7 shadow wraiths
  3 salamander mystics
  25 wretched stars
  A storm dragon zombie (Crypt:1)
  4 unseen horrors
  5 iron trolls
  6 sixfirhies
  A shadow demon (Depths:2)
  4 goliath frogs
  A sea snake (Snake:4)
  2 gelid demonspawn
  2 spriggan druids
  5 flayed ghosts
  5 spatial maelstroms
  3 death drakes
  An unseen horror (shapeshifter) (Elf:1)
  2 anaconda zombies
  20 deep elf archers
  2 golden dragon zombies (Vaults:5)
  6 swamp dragons
  2 orange crystal statues
  9 glowing orange brains
  10 phantasmal warriors
  3 lindwurms
  16 bog bodies
  32 deep trolls
  7 naga ritualists
  21 ironbrand convokers
  2 wizards
  2 tengu zombies
  Pikel (D:7)
  18 necromancers
  3 iron dragon zombies
  17 orc knights
  A shadow dragon skeleton (Abyss:1)
  3 shadow dragon zombies
  4 oklob plants (Lair:1)
  2 wolf spider zombies
  3 harpies (Vaults:4)
  6 orc sorcerers
  A faun (shapeshifter) (Vaults:4)
  5 shining eyes
  2 harpies (shapeshifter)
  A tengu skeleton (Vaults:4)
  6 mana vipers
  8 will-o-the-wisps
  A cyclops (D:13)
  69 deep elf magi
  5 wolf spiders
  A shining eye (shapeshifter) (Abyss:1)
  54 ugly things
  15 moths of wrath
  2 fire giant zombies
  12 worldbinders
  An iron dragon skeleton (Crypt:1)
  10 salamanders
  4 manticores
  2 frost giant skeletons (Crypt:1)
  A guardian serpent (shapeshifter) (Depths:4)
  4 apocalypse crabs
  12 elephants
  15 naga magi
  9 guardian serpents
  12 vault sentinels
  9 rust devils
  3 fire giant skeletons
  3 gargoyles
  7 eyes of devastation
  22 black mambas
  Joseph (Lair:1)
  15 cane toads
  A black draconian zombie (Crypt:1)
  A black mamba (shapeshifter) (Vaults:3)
  6 centaur skeletons
  23 smoke demons
  Psyche (D:8)
  A cane toad (shapeshifter) (Abyss:2)
  2 kobold demonologists
  2 emperor scorpion zombies
  3 hellions (Abyss:1)
  2 catoblepas zombies
  An eye of devastation (shapeshifter) (Vaults:5)
  30 yaktaurs
  7 orange demons
  Maggie (D:8)
  A demonic crawler (Abyss:1)
  A pale draconian zombie (Crypt:2)
  8 komodo dragons
  19 freezing wraiths
  A rime drake (Lair:2)
  17 ancient zymes
  A guardian mummy (Depths:2)
  2 hydra zombies
  16 hellwings
  7 red devils
  4 efreet
  13 ice devils
  A merfolk (shapeshifter) (Vaults:4)
  A tormentor (Abyss:1)
  A tyrant leech (shapeshifter) (Vaults:5)
  A pale draconian skeleton (Crypt:1)
  2 polar bears
  2 tengu conjurers (Depths:5)
  2 human skeletons
  8 trolls
  A bloated husk (Swamp:1)
  3 meliai (D:14)
  21 hornets
  A silent spectre (Abyss:2)
  A white draconian skeleton (Crypt:1)
  A tengu simulacrum (Vaults:4)
  A meliai (shapeshifter) (Abyss:1)
  A troll (shapeshifter) (Vaults:1)
  9 tyrant leeches
  A harpy skeleton (Crypt:1)
  A shadow dragon simulacrum (Abyss:1)
  A hornet (shapeshifter) (D:15)
  69 raiju
  6 dream sheep (Lair:5)
  A hydra skeleton (Hell)
  Grinder (D:6)
  96 slime creatures
  2 sphinx simulacra
  15 blink frogs
  Sigmund (D:2)
  A snapping turtle (shapeshifter) (Depths:4)
  An ettin skeleton (Crypt:2)
  68 flying skulls
  An ettin zombie (Abyss:2)
  18 ynoxinuls
  5 shadows
  An alligator skeleton (Hell)
  3 air elementals (Elf:2)
  10 spriggans
  A vampire (Abyss:1)
  6 water elementals
  78 small abominations
  2 fire giant simulacra
  4 hogs (Lair:4)
  10 wraiths
  7 fire elementals
  10 wyverns
  An ice dragon skeleton (Abyss:1)
  A tyrant leech zombie (Crypt:2)
  5 humans (Zot:4)
  3 basilisks
  6 fire bats
  A fire bat (shapeshifter) (Vaults:5)
  A golden eye (shapeshifter) (D:13)
  12 neqoxecs
  62 yaks
  2 golden eyes (Slime:1)
  13 chaos spawn
  55 nagas
  9 vampire mosquitoes
  Edmund (D:4)
  47 large abominations
  4 wargs
  11 spatial vortices
  10 swamp worms
  A swamp worm (shapeshifter) (Depths:4)
  Duvessa (D:7)
  6 acid dragons
  A naga (shapeshifter) (Abyss:2)
  2 cane toad zombies
  5 hell hounds
  15 water moccasins
  A sky beast (shapeshifter) (Depths:3)
  42 orc warriors
  A hornet zombie (Crypt:1)
  A spectral troll (Crypt:3)
  A torturous demonspawn skeleton (Crypt:1)
  3 ice beasts
  7 sky beasts
  A black bear (D:8)
  An alligator simulacrum (Hell)
  4 swamp drakes
  6 eyes of draining
  7 necrophages
  An ettin simulacrum (Crypt:3)
  A manticore zombie (Abyss:3)
  33 ogres
  2 phantoms
  8 boggarts
  A boggart (shapeshifter) (Vaults:5)
  18 wolves
  20 centaurs
  A snapping turtle skeleton (Crypt:2)
  A lemure (D:7)
  7 big kobolds
  A bullfrog (shapeshifter) (Vaults:5)
  19 bullfrogs
  A gnoll sergeant (D:7)
  2 wyvern zombies
  An elf skeleton (Crypt:1)
  3 earth elementals
  3 water moccasin zombies
  Dowan (D:7)
  2 scorpions
  2 wyvern skeletons
  12 killer bees
  A human simulacrum (Vaults:4)
  15 wights
  4 electric eels
  A nameless horror (Lair:6)
  6 howler monkeys
  2 lava snakes (Lair:1)
  3 centaur zombies
  4 crimson imps
  13 quasits
  3 bullfrog skeletons
  3 jellies
  26 orc priests
  11 hounds
  8 iron imps
  A black bear skeleton (Crypt:1)
  6 iguanas
  36 orc wizards
  A yak simulacrum (Lair:4)
  9 hell rats
  2 polar bear simulacra (Lair:4)
  2 wolf simulacra (Lair:4)
  11 worker ants
  A killer bee zombie (D:6)
  2 big kobold zombies
  A big kobold skeleton (Crypt:2)
  A hound zombie (D:6)
  A deep dwarf skeleton (Crypt:2)
  2 hound skeletons
  5 mummies (Ossuary)
  2 worker ant zombies
  4 gnolls (D:7)
  18 adders
  8 river rats (Lair:1)
  6 shadow imps
  12 white imps
  14 ufetubi
  An iguana zombie (Crypt:1)
  An iguana skeleton (Crypt:2)
  4 worms
  A dart slug (D:1)
  7 leopard geckos
  126 orcs
  A ball python (D:4)
  8 bats
  4 giant cockroaches
  6 goblins
  7 hobgoblins
  11 jackals
  36 kobolds
  6 quokkas
  A river rat zombie (Crypt:2)
  6 frilled lizards
  A goblin zombie (Ossuary)
  2 hobgoblin zombies (Ossuary)
  2 kobold zombies (Ossuary)
  An orc zombie (Ossuary)
  10 rats
  6 river rat simulacra (Lair:4)
  A river rat skeleton (Crypt:2)
  3 fire vortices
  7 fulminant prisms
  2 lurking horrors
  23 starspawn tentacles
3320 creatures vanquished.

Vanquished Creatures (collateral kills)
  3 ancient liches (Zot:5)
  4 Killer Klowns
  Xtahua (Depths:5)
  A curse toe (Zot:5)
  A bone dragon (Crypt:3)
  A golden dragon (Zot:5)
  7 Orb Guardians (Zot:5)
  An electric golem (Zot:5)
  A deep elf blademaster (Elf:3)
  A quicksilver dragon (Zot:5)
  Frances (Lair:4)
  A storm dragon (Zot:5)
  Agnes (Elf:2)
  2 fenstrider witches (Swamp:3)
  A frost giant (Depths:4)
  5 nagarajas
  A fire giant (Vaults:2)
  Louise (Orc:2)
  A draconian shifter (Zot:5)
  A spriggan defender (Depths:5)
  A ghoul (Vaults:3)
  6 very ugly things
  A draconian stormcaller (Zot:5)
  A deep elf annihilator (Elf:1)
  A white draconian (Zot:5)
  A purple draconian (Zot:5)
  A red draconian (Zot:5)
  2 eleionomae
  A fire dragon (D:15)
  2 deep elf death magi (Elf:3)
  A deep elf high priest (Elf:1)
  A great orb of eyes (Depths:1)
  7 naga warriors
  A hell beast (Depths:1)
  5 hydras
  An anaconda (Snake:3)
  A catoblepas (Lair:6)
  A dancing weapon (Elf:1)
  An alligator (Lair:4)
  3 death yaks
  2 shock serpents
  4 naga sharpshooters
  A deep elf knight (Vaults:1)
  A spriggan berserker (Swamp:4)
  2 deep trolls (Vaults:4)
  2 skeletal warriors
  2 sea snakes (Snake:4)
  7 swamp dragons
  2 bog bodies
  2 naga ritualists
  2 orc knights
  A will-o-the-wisp (Swamp:3)
  2 ugly things (D:14)
  4 mana vipers
  3 deep elf magi
  2 moths of wrath
  4 naga magi
  18 black mambas
  2 gargoyles
  A guardian serpent (Snake:4)
  A jumping spider (Lair:1)
  A water elemental (Elf:3)
  2 wraiths
  A human (Zot:4)
  A hog (Lair:4)
  22 nagas
  A swamp worm (Swamp:3)
  4 swamp drakes (Swamp:4)
  A human zombie (Vaults:4)
  An earth elemental (Elf:3)
174 creatures vanquished.

Vanquished Creatures (others)
  An orb of fire (Zot:5)
  2 ancient liches (Zot:5)
  A Killer Klown (Zot:5)
  A tentacled monstrosity (Zot:5)
  2 Orb Guardians (Zot:5)
  A draconian annihilator (Zot:5)
  A draconian shifter (Zot:5)
  3 yellow draconians (Zot:5)
  2 black draconians (Zot:5)
  A white draconian (Zot:5)
  8 dancing weapons
  A deep elf knight (Elf:2)
  A deep elf mage (Elf:1)
  A harpy (Vaults:5)
  A bloated husk (Swamp:3)
  A raiju (Abyss:3)
  A dire elephant simulacrum (Abyss:2)
  A water elemental (Elf:2)
  A human (Swamp:1)
  2 small abominations (Abyss:2)
  A swamp drake (Swamp:1)
  A jelly (D:15)
  2 orcs
  12 demonic plants
  37 fire vortices
  35 foxfires
  190 fulminant prisms
  72 fungi
  95 plants
  37 starspawn tentacles
  25 withered plants (Swamp:3)
540 creatures vanquished.

Grand Total: 4034 creatures vanquished

Notes
Turn   | Place    | Note
-------+----------+-------------------------------------------
     0 | D:1      | flt the Draconian Conjurer began the quest for the Orb.
     0 | D:1      | Reached XP level 1. HP: 14/14 MP: 3/3
   392 | D:1      | Reached XP level 2. HP: 20/20 MP: 0/5
   445 | D:1      | Learned a level 2 spell: Searing Ray
  1136 | D:1      | Reached XP level 3. HP: 25/26 MP: 3/6
  1419 | D:2      | Noticed Sigmund
  1782 | D:3      | Reached XP level 4. HP: 34/34 MP: 1/8
  1924 | D:3      | Noticed a sky beast
  1940 | D:3      | Killed a sky beast
  1941 | D:3      | Reached skill level 1 in Fighting
  1941 | D:3      | Reached skill level 5 in Conjurations
  1941 | D:3      | Reached XP level 5. HP: 9/40 MP: 7/10
  2204 | D:3      | Learned a level 4 spell: Fulminant Prism
  3554 | D:4      | Reached XP level 6. HP: 38/48 MP: 5/11
  3935 | D:4      | Found a radiant altar of Vehumet.
  4303 | D:4      | Found a sparkling altar of Nemelex Xobeh.
  4303 | D:4      | Noticed Edmund
  4312 | D:4      | Killed Edmund
  4313 | D:4      | Reached skill level 6 in Conjurations
  4313 | D:4      | Your scales start taking on a golden yellow colour.
  4313 | D:4      | Reached XP level 7. HP: 49/56 MP: 3/13
  4313 | D:4      | Gained mutation: You are resistant to acid. (rCorr) [Yellow
                  | Draconian growth]
  4653 | D:5      | Entered Level 5 of the Dungeon
  4931 | D:5      | Found a runed translucent door.
  4933 | D:5      | Noticed an angel
  4936 | D:5      | Found a glowing silver altar of Zin.
  4992 | D:5      | Reached skill level 5 in Spellcasting
  5434 | D:6      | Found Cumecziw's Armour Boutique.
  5598 | D:6      | Found a staircase to the Ecumenical Temple.
  5607 | Temple   | Entered the Ecumenical Temple
  5780 | Temple   | Became a worshipper of Gozag Ym Sagoz the Greedy
  5930 | D:6      | Reached XP level 8. HP: 64/64 MP: 4/16
  6075 | D:6      | Noticed Grinder
  6150 | D:6      | Killed Grinder
  6151 | D:6      | Reached skill level 7 in Conjurations
  6255 | D:6      | Bought a scarf of repulsion for 144 gold pieces
  7077 | D:2      | Killed Sigmund
  7605 | D:7      | Found an opulent altar of Gozag.
  7613 | D:7      | Reached XP level 9. HP: 23/73 MP: 13/18
  7617 | D:7      | Reached skill level 8 in Conjurations
  7643 | D:7      | Reached skill level 5 in Fighting
  7699 | D:7      | Noticed Pikel
  7714 | D:7      | Killed Pikel
  7715 | D:7      | Reached skill level 5 in Dodging
  7732 | D:7      | Found a sand-covered staircase.
  7739 | Ossuary  | Entered an ossuary
  8234 | D:7      | Noticed Duvessa
  8246 | D:7      | Killed Duvessa
  8396 | D:7      | Reached skill level 9 in Conjurations
  8476 | D:7      | Found a snail-covered altar of Cheibriados.
  8581 | D:7      | Noticed Dowan
  8585 | D:7      | Killed Dowan
  9206 | D:8      | Reached XP level 10. HP: 75/83 MP: 22/22
  9560 | D:8      | Noticed Erica
  9589 | D:8      | Killed Erica
  9904 | D:8      | Noticed Psyche
  9915 | D:8      | Killed Psyche
  9916 | D:8      | Reached skill level 10 in Conjurations
 10100 | D:8      | Noticed Maggie
 10122 | D:8      | Killed Maggie
 10509 | D:9      | Found Caink's Antique Armour Shop.
 10546 | D:9      | Noticed a brown ugly thing
 10570 | D:9      | Killed a brown ugly thing
 10655 | D:9      | Reached skill level 1 in Maces & Flails
 10717 | D:9      | Found a runed translucent door.
 10717 | D:9      | Found a shimmering altar of Xom.
 10717 | D:9      | Noticed a +1 hand axe of chaos
 10717 | D:9      | Noticed lasso's ghost (novice MiFi)
 10730 | D:9      | Found a bloodstained altar of Trog.
 10928 | D:9      | Found a burning altar of Makhleb.
 10929 | D:9      | Noticed a cacodemon
 11603 | D:10     | Entered Level 10 of the Dungeon
 11603 | D:10     | Found a roughly hewn altar of Beogh.
 11606 | D:10     | Noticed an orc knight
 12071 | D:10     | Noticed a gargoyle
 12087 | D:10     | Killed a gargoyle
 12088 | D:10     | Reached XP level 11. HP: 83/94 MP: 23/23
 12971 | D:10     | Noticed Nergalle
 12984 | D:10     | Killed Nergalle
 13380 | D:10     | Killed an orc knight
 13383 | D:10     | Found a staircase to the Orcish Mines.
 13953 | D:11     | Reached skill level 11 in Conjurations
 14375 | D:11     | Reached skill level 1 in Hexes
 14705 | D:11     | Found a staircase to the Lair.
 14984 | D:11     | Found Cahoipt's Antique Armour Emporium.
 15008 | D:11     | You fall into a shaft and drop 1 floor!
 15357 | Lair:1   | Entered Level 1 of the Lair of Beasts
 15366 | Lair:1   | Found a runed translucent door.
 15480 | Lair:1   | Noticed Joseph
 15496 | Lair:1   | Killed Joseph
 15583 | Lair:1   | Noticed an oklob plant
 15583 | Lair:1   | Noticed an oklob plant
 15584 | Lair:1   | Noticed an oklob plant
 16677 | Lair:1   | Noticed an oklob plant
 16692 | Lair:1   | Killed an oklob plant
 16693 | Lair:1   | Reached XP level 12. HP: 87/104 MP: 10/25
 16748 | Lair:1   | Reached skill level 5 in Maces & Flails
 16748 | Lair:1   | Reached skill level 12 in Conjurations
 17334 | Lair:2   | You fall into a shaft and drop 2 floors!
 17338 | Lair:4   | Identified the Handbook of Supportive Lightness
 17349 | Lair:4   | Learned a level 4 spell: Hailstorm
 17353 | Lair:4   | Learned a level 3 spell: Frozen Ramparts
 17358 | Lair:4   | Learned a level 4 spell: Summon Ice Beast
 17363 | Lair:4   | Learned a level 4 spell: Summon Lightning Spire
 17367 | Lair:4   | Learned a level 3 spell: Call Canine Familiar
 17371 | Lair:4   | Learned a level 3 spell: Ozocubu's Armour
 17375 | Lair:3   | Found a radiant altar of Vehumet.
 17567 | Lair:2   | Reached skill level 1 in Summonings
 17802 | Lair:2   | Reached skill level 1 in Ice Magic
 17898 | Lair:2   | Noticed Harold
 18067 | Lair:2   | Killed Harold
 19172 | Lair:3   | Found a staircase to the Snake Pit.
 19371 | Lair:3   | Noticed an eight-headed hydra
 19382 | Lair:3   | Killed an eight-headed hydra
 19653 | Lair:3   | Noticed a seven-headed hydra
 19671 | Lair:3   | Killed a seven-headed hydra
 20046 | Lair:3   | Reached skill level 5 in Summonings
 20392 | Lair:4   | Found a staircase to the Swamp.
 20581 | Lair:4   | Noticed a seven-headed hydra
 20884 | Lair:4   | Noticed Sonja
 20897 | Lair:4   | Killed Sonja
 21552 | Lair:5   | Reached XP level 13. HP: 105/111 MP: 21/26
 22042 | Lair:5   | Learned a level 5 spell: Fireball
 23032 | Lair:6   | Entered Level 6 of the Lair of Beasts
 23107 | Lair:5   | Reached skill level 5 in Ice Magic
 23976 | Lair:5   | Reached skill level 10 in Spellcasting
 24246 | Lair:5   | Reached skill level 10 in Dodging
 24829 | Lair:5   | Reached skill level 1 in Shields
 25979 | Lair:5   | Reached skill level 1 in Fire Magic
 27620 | Lair:6   | Found a staircase to the Slime Pits.
 27949 | Lair:5   | Gained mutation: You have acidic saliva. [Yellow Draconian
                  | growth]
 27949 | Lair:5   | Reached XP level 14. HP: 37/118 MP: 6/28
 29547 | Lair:6   | Reached skill level 5 in Fire Magic
 30163 | Lair:5   | Reached skill level 13 in Conjurations
 31036 | Lair:6   | Learned a level 1 spell: Apportation
 31270 | Orc:1    | Entered Level 1 of the Orcish Mines
 31356 | Orc:2    | Entered Level 2 of the Orcish Mines
 31429 | Orc:2    | Found a staircase to the Elven Halls.
 31444 | Orc:1    | Found Memmui's Magic Scroll Boutique.
 32090 | Orc:2    | Noticed an orc warlord
 32393 | Orc:1    | Killed an orc warlord
 33358 | Orc:2    | Reached skill level 10 in Fighting
 34096 | Orc:2    | Found Ginud's General Store.
 34097 | Orc:2    | Found Voefeoly's Jewellery Boutique.
 34098 | Orc:2    | Found Lotias's Antique Armour Shop.
 34098 | Orc:2    | Found Jiniel's Antique Weapon Shop.
 34113 | Orc:2    | Bought the amulet of the Four Winds {rN+ Will+++ Clar} for
                  | 658 gold pieces
 34113 | Orc:2    | Found the amulet of the Four Winds {rN+ Will+++ Clar}
 34137 | Orc:2    | Bought an ichor-stained trident for 289 gold pieces
 34137 | Orc:2    | Bought a slimy mace for 272 gold pieces
 34140 | Orc:2    | Identified the +1 trident of the Living Dead {elec, Int+4
                  | Dex+4} (You bought it in a shop on level 2 of the Orcish
                  | Mines)
 34141 | Orc:2    | Identified the +4 mace "Plog" {venom, rElec rF- rN+} (You
                  | bought it in a shop on level 2 of the Orcish Mines)
 34152 | Orc:2    | Bought the ring "Hoelastru" {rElec rN+ Int+8} for 965 gold
                  | pieces
 35059 | D:12     | Reached skill level 1 in Polearms
 35059 | D:12     | Reached XP level 15. HP: 126/126 MP: 12/30
 35700 | D:13     | Reached skill level 14 in Conjurations
 37049 | D:13     | Found Duf Koyg's Gadget Shop.
 37539 | D:14     | Noticed Nessos
 37549 | D:14     | Killed Nessos
 37922 | D:14     | Identified the amulet "Ybatuap" {Faith Str+8 SInv}
 38966 | D:14     | Identified Roxanne's Papyrus of Transmigration
 38966 | D:14     | Noticed Roxanne
 39486 | D:14     | Found a gate to the Vaults.
 39840 | D:15     | Entered Level 15 of the Dungeon
 41050 | D:15     | Found a staircase to the Depths.
 41050 | D:15     | Noticed a frost giant
 41054 | D:15     | Killed a frost giant
 41409 | D:9      | Killed lasso's ghost
 41553 | D:9      | Identified Tolauff Mojy's Guide on Lethal Clay
 41562 | D:9      | Learned a level 6 spell: Freezing Cloud
 41859 | Lair:1   | Identified the cursed +3 whip "Cofutiletz" {antimagic,
                  | Str+4} (You found it on level 1 of the Lair of Beasts)
 41875 | Lair:1   | Reached skill level 15 in Conjurations
 42418 | Swamp:1  | Entered Level 1 of the Swamp
 42418 | Swamp:1  | Noticed a fenstrider witch
 42419 | Swamp:1  | Noticed Aizul
 42421 | Swamp:1  | Killed a fenstrider witch
 42422 | Swamp:1  | Noticed Kirke
 42897 | Swamp:1  | Noticed Frances
 42918 | Lair:4   | Reached XP level 16. HP: 119/134 MP: 6/31
 43066 | Lair:4   | Killed Kirke
 43225 | Lair:4   | Killed Aizul
 43226 | Lair:4   | Reached skill level 5 in Polearms
 43819 | Lair:4   | Killed Frances
 44630 | Swamp:1  | Noticed Donald
 44709 | Swamp:1  | Killed Donald
 45694 | Swamp:1  | Noticed Nikola
 45744 | Swamp:1  | Killed Nikola
 46431 | Swamp:1  | Upgraded the game from 0.26-b1-45-g23770d1d51 to
                  | 0.26-b1-52-g61e05abef2
 47767 | Swamp:2  | Reached skill level 10 in Ice Magic
 50495 | Swamp:4  | Entered Level 4 of the Swamp
 52612 | Swamp:4  | Reached XP level 17. HP: 141/141 MP: 16/33
 55331 | Swamp:4  | Reached skill level 1 in Air Magic
 56257 | Swamp:4  | Got a decaying rune of Zot
 56957 | Lair:4   | Learned a level 2 spell: Blink
 57173 | Orc:2    | Bought the ring "Zosel" {+Inv rElec rPois rC+} for 912 gold
                  | pieces
 57380 | Snake:1  | Entered Level 1 of the Snake Pit
 59943 | Snake:1  | Found a runed translucent gate.
 59943 | Snake:1  | Found a runed translucent gate.
 59944 | Snake:1  | Found a runed translucent gate.
 59945 | Snake:1  | Noticed Zoimialu's ghost (adept OpWz)
 59945 | Snake:1  | Noticed Icun's ghost (journeyman GnWr)
 62220 | Snake:2  | Reached skill level 16 in Conjurations
 62535 | Snake:2  | Found Viss's Gadget Emporium.
 62537 | Snake:2  | Found Ceruum's Jewellery Boutique.
 62538 | Snake:2  | Found Ufaaduep's Gadget Emporium.
 62547 | Snake:2  | Bought a wand of digging (5) for 234 gold pieces
 63672 | Snake:3  | Reached skill level 5 in Shields
 63697 | Snake:3  | Reached XP level 18. HP: 131/151 MP: 12/36
 64058 | Snake:3  | Noticed Vashnia
 64733 | Snake:3  | Killed Vashnia
 65777 | Snake:4  | Entered Level 4 of the Snake Pit
 67782 | Snake:4  | Learned a level 5 spell: Lightning Bolt
 68336 | Snake:4  | Reached skill level 10 in Shields
 71030 | Snake:4  | Got a serpentine rune of Zot
 71421 | Elf:1    | Entered Level 1 of the Elven Halls
 71421 | Elf:1    | Noticed Louise
 71445 | Orc:2    | Killed Louise
 72258 | Elf:1    | Identified a scroll of acquirement
 72259 | Elf:1    | Acquired 912 gold pieces
 72305 | Elf:1    | Identified Plog's Disquisition on the Entourage
 72383 | Elf:1    | Found Okiupp's Gadget Shoppe.
 72456 | Elf:1    | Found Setettemo's General Store.
 72499 | Elf:1    | Bought a +2 pair of gloves of strength for 279 gold pieces
 72652 | Elf:1    | Found Kedyax's Book Shoppe.
 73232 | Elf:1    | Found Biem's Weapon Shoppe.
 73589 | Elf:1    | Identified the +9 rapier of Igeorisus {distort, Int+4} (You
                  | found it on level 1 of the Elven Halls)
 73827 | Elf:2    | Found a runed translucent gate.
 73935 | Elf:2    | Reached XP level 19. HP: 157/157 MP: 31/37
 73955 | Elf:2    | Identified the cursed +1 robe of the Ageing Eyes {*Corrode
                  | Str+9}
 74644 | Elf:2    | Found a runed translucent gate.
 74954 | Elf:2    | Found Wutevvei's Gadget Shop.
 76395 | Elf:2    | Noticed Agnes
 76404 | Elf:2    | Killed Agnes
 76693 | Elf:2    | Noticed wjchen's ghost (adept MiFi)
 76694 | Elf:2    | Found a transporter.
 76701 | Elf:2    | Found a transporter.
 76867 | Elf:2    | Found a runed translucent gate.
 77179 | Elf:3    | Entered Level 3 of the Elven Halls
 77238 | Elf:1    | Bought a scroll of magic mapping for 45 gold pieces
 77279 | Elf:3    | Found a runed translucent door.
 77279 | Elf:3    | Found a shimmering altar of Xom.
 77279 | Elf:3    | Noticed Kaobra's ghost (adept GnWz)
 77717 | Elf:3    | Found a shimmering blue altar of Sif Muna.
 78256 | Elf:1    | Learned a level 4 spell: Airstrike
 78902 | Elf:3    | Reached skill level 15 in Shields
 80510 | Elf:3    | Noticed Asterion
 80529 | Elf:2    | Killed Asterion
 81416 | Elf:3    | Identified the ring "Dudad" {+Blink rF+ rC++ Will+ Dex-2}
 81417 | Elf:3    | Identified the amulet of Bavourum {RegenMP *Drain rPois
                  | rF+++ rC+}
 82648 | Elf:3    | Identified the ring "Gagilerch" {rPois Str+6}
 83202 | Elf:3    | Identified the cursed +3 flail of Judgement {flame, Dex+3}
 83219 | Elf:3    | Identified the +5 chain mail "Icokkadd" {rPois rF- Will+
                  | SInv}
 83226 | Elf:3    | Reached XP level 20. HP: 131/168 MP: 19/38
 83797 | Elf:3    | Reached skill level 15 in Spellcasting
 83863 | Elf:3    | Identified the Incunabulum of Mutagenic Necromancy
 83927 | Elf:3    | Identified the Almanac of the Snowflakes and Contamination
 84062 | Elf:3    | Bought a potion of heal wounds for 70 gold pieces
 84062 | Elf:3    | Bought a potion of heal wounds for 70 gold pieces
 84062 | Elf:3    | Bought a potion of curing for 42 gold pieces
 84062 | Elf:3    | Bought a potion of heal wounds for 70 gold pieces
 84066 | Elf:3    | Bought a potion of heal wounds for 150 gold pieces
 84553 | Snake:1  | Killed Zoimialu's ghost
 84554 | Snake:1  | Reached skill level 17 in Conjurations
 84922 | Snake:1  | Killed Icun's ghost
 85837 | Elf:3    | Learned a level 7 spell: Orb of Destruction
 86179 | D:14     | Killed Roxanne
 86361 | Depths:1 | Entered Level 1 of the Depths
 86372 | D:15     | Paralysed by a hornet for 3 turns
 86377 | D:15     | Reached skill level 1 in Evocations
 87424 | Depths:1 | Identified the -7 tower shield of the Will of the Gods
                  | {-Cast rPois MP+9 Str+6}
 87621 | Depths:1 | Noticed Caat Rau's ghost (adept DgCj)
 87625 | Depths:1 | Identified the cursed +2 scimitar of Efrebb {distort, rElec
                  | Int+5 Dex+3 SInv}
 87635 | Depths:1 | Noticed a profane servitor
 87636 | Depths:1 | Found a transporter.
 87951 | Depths:1 | Found a gateway to a ziggurat.
 88003 | Zig:1    | Entered Level 1 of a ziggurat
 88164 | Depths:1 | Found a transporter.
 88197 | Depths:1 | Found a one-way gate to the infinite horrors of the Abyss.
 88291 | Depths:1 | Identified the +5 rapier "Xiphol" {venom, Int+3} (You found
                  | it on level 1 of the Depths)
 88434 | Depths:1 | Found a gateway to Hell.
 88753 | Depths:1 | Reached skill level 5 in Evocations
 90323 | Depths:2 | Reached skill level 18 in Conjurations
 90503 | Depths:2 | Found a runed translucent door.
 90504 | Depths:2 | Noticed Polaczum's ghost (adept TrMo)
 92190 | Depths:2 | Found a one-way gate leading to the halls of Pandemonium.
 92476 | Depths:2 | Found a large runed translucent door.
 92477 | Depths:2 | Found the +0 pair of fencer's gloves {Riposte Dex+3}
 92477 | Depths:2 | Found a large runed translucent door.
 93134 | Depths:2 | Reached XP level 21. HP: 174/174 MP: 13/40
 94995 | Depths:2 | Found a one-way gate leading to the halls of Pandemonium.
 96131 | Depths:2 | Killed Polaczum's ghost
 96869 | Depths:2 | Identified the ring "Foechol" {Fire rN+ Str+5 Dex+6}
 97911 | Depths:3 | Found a broken altar of Ashenzari.
 97922 | Depths:3 | Found a transporter.
100066 | Depths:3 | Noticed a juggernaut
100180 | Depths:3 | Found a bloodstained altar of Trog.
100181 | Depths:3 | Found the cursed necklace of Bloodlust {*Rage +Rage Will++
                  | Int-3 Slay+6 *Curse}
100488 | Depths:3 | Reached skill level 19 in Conjurations
102012 | Depths:3 | Bought a scroll of amnesia for 49 gold pieces
102012 | Depths:3 | Bought a potion of heal wounds for 70 gold pieces
102021 | Depths:3 | Learned a level 7 spell: Spellforged Servitor
102502 | Depths:4 | Found a corrupted altar of Lugonu.
102907 | Depths:4 | Identified the cursed +3 scimitar "Dakhlon" {distort, rF+
                  | SInv}
102908 | Depths:4 | Found a transporter.
102918 | Depths:4 | Noticed Dameikh's ghost (veteran FoFi)
102956 | Depths:4 | Reached skill level 5 in Air Magic
103084 | Depths:4 | Noticed Frederick
103092 | Depths:4 | Killed Frederick
103272 | Depths:4 | Reached XP level 22. HP: 183/183 MP: 15/42
103527 | Depths:4 | Found a transporter.
104479 | Depths:4 | Identified the +6 flail of World's End {holy, rF+ Dex+3}
105145 | Depths:4 | Noticed Sojobo
106716 | Depths:4 | Killed Sojobo
107158 | Depths:5 | Entered Level 5 of the Depths
107904 | Depths:5 | Noticed Xtahua
109472 | Depths:5 | Killed Xtahua
110481 | Depths:5 | Found a glowing silver altar of Zin.
110481 | Depths:5 | Found a glowing golden altar of the Shining One.
110564 | Depths:5 | Found a white marble altar of Elyvilon.
110808 | Depths:5 | Noticed the Enchantress
111486 | Depths:5 | Noticed a golden dragon
111494 | Depths:5 | Killed a golden dragon
112516 | Depths:5 | Found a gate to the Realm of Zot.
112926 | Depths:3 | Killed the Enchantress
113813 | Depths:5 | Found a glowing silver altar of Zin.
113816 | Depths:5 | Found a glowing golden altar of the Shining One.
113818 | Depths:5 | Found a white marble altar of Elyvilon.
113939 | Depths:5 | Found a gate to the Realm of Zot.
114547 | Vaults:1 | Entered Level 1 of the Vaults
114552 | Vaults:1 | Reached skill level 20 in Conjurations
115051 | Vaults:1 | Learned a level 2 spell: Passwall
115754 | Vaults:1 | Reached XP level 23. HP: 149/196 MP: 3/43
115763 | Vaults:1 | Found Vephawei's Armour Shop.
116791 | Vaults:1 | Found Lymulit's Assorted Antiques.
116833 | Vaults:1 | Bought a scroll of blinking for 187 gold pieces
116833 | Vaults:1 | Bought a potion of curing for 75 gold pieces
116833 | Vaults:1 | Bought a phantom mirror for 1000 gold pieces
116871 | Vaults:1 | Found Jucemy's Gadget Boutique.
116895 | Vaults:1 | Found Zunip's Magic Scroll Emporium.
117179 | Vaults:1 | Bought a scroll of silence for 120 gold pieces
117179 | Vaults:1 | Bought a scroll of blinking for 120 gold pieces
117703 | Vaults:1 | Reached skill level 15 in Fighting
118258 | Vaults:1 | Acquired flt's Catalogue of Confrontation
120099 | Vaults:2 | Learned a level 3 spell: Stone Arrow
121565 | Vaults:2 | Reached skill level 15 in Dodging
123831 | Vaults:3 | Found a staircase to the Crypt.
124993 | Vaults:3 | Found Voradd's Magic Scroll Emporium.
125003 | Vaults:3 | Bought a scroll of acquirement for 884 gold pieces
125003 | Vaults:3 | Acquired the +0 pair of gloves of the Lich-sworn {Harm
                  | Will+++ Regen+ Dex-2}
126122 | Vaults:4 | Found Gevusch's Assorted Antiques.
126122 | Vaults:4 | Found Ekhetezom's Armour Boutique.
126155 | Vaults:4 | Found a magical portal.
126168 | WizLab   | Entered Lehudib's Moon Base
126340 | WizLab   | Found a transporter.
126420 | WizLab   | Reached XP level 24. HP: 214/214 MP: 25/43
127183 | WizLab   | Got a sparkling zirconium amulet
127184 | WizLab   | Identified the amulet "Ucanalyo" {Acrobat +Inv rF+ Int+3}
                  | (You found it in a wizard's laboratory)
127944 | WizLab   | Found a transporter.
128361 | WizLab   | Identified Lehudib's Guide on Quantum Stones
128500 | Vaults:4 | Found Rucuth's Antique Armour Boutique.
129413 | Vaults:4 | Found Cuotobb's General Store.
129763 | Vaults:4 | Found Faety's Weapon Emporium.
130915 | Slime:1  | Entered Level 1 of the Pits of Slime
131333 | Slime:1  | Gained mutation: Your body sometimes deteriorates upon
                  | taking damage. [a shining eye]
132200 | Slime:5  | Entered Level 5 of the Pits of Slime
132217 | Slime:5  | Gained mutation: You are dopey. (Int -2) [a shining eye]
132532 | Slime:5  | Reached XP level 25. HP: 233/233 MP: 37/43
132730 | Slime:5  | Noticed the Royal Jelly
132747 | Slime:5  | Killed the Royal Jelly
133107 | Slime:5  | Identified Tuajis's Almanac of Cold and the Birds
133155 | Slime:5  | Identified the Incunabulum of the Supportive Mountains
133169 | Slime:5  | Identified the Papyrus of the Scorching Birds
133198 | Slime:5  | Got a slimy rune of Zot
133203 | Slime:5  | Lost mutation: You are dopey. (Int -2) [potion of mutation]
133203 | Slime:5  | Gained mutation: You are weak. (Str -2) [potion of
                  | mutation]
133203 | Slime:5  | Lost mutation: You are weak. (Str -2) [potion of mutation]
133203 | Slime:5  | Gained mutation: Your flesh is heat resistant. (rF+)
                  | [potion of mutation]
133204 | Slime:5  | Lost mutation: Your body sometimes deteriorates upon taking
                  | damage. [potion of mutation]
133204 | Slime:5  | Lost mutation: Your flesh is heat resistant. (rF+) [potion
                  | of mutation]
133204 | Slime:5  | Gained mutation: You are somewhat resistant to further
                  | mutation. [potion of mutation]
133204 | Slime:5  | Gained mutation: You are somewhat resistant to both further
                  | mutation and mutation removal. [potion of mutation]
133206 | Slime:5  | Identified the +7 broad axe of Zypn {vorpal, rPois Will+
                  | Int+3} (You found it on level 5 of the Pits of Slime)
133668 | Crypt:1  | Entered Level 1 of the Crypt
134332 | Crypt:1  | Noticed Saint Roka
134418 | Crypt:1  | Killed Saint Roka
136636 | Crypt:2  | Identified the +3 battleaxe of the Chickpea {flame, *Rage
                  | rN+ Str+8} (You found it on level 2 of the Crypt)
137384 | Crypt:2  | Found a shimmering altar of Xom.
137990 | Crypt:3  | Entered Level 3 of the Crypt
138392 | Crypt:2  | Learned a level 6 spell: Iron Shot
138834 | Crypt:3  | Found an ancient bone altar of Kikubaaqudgha.
140393 | Crypt:3  | Reached XP level 26. HP: 244/245 MP: 1/45
141234 | Crypt:3  | Found a staircase to the Tomb.
141419 | Vaults:3 | Bought the -2 hat of the Alchemist {rElec rPois rF+ rC+ rN+
                  | Will+ rMut rCorr} for 1463 gold pieces
141419 | Vaults:3 | Found the -2 hat of the Alchemist {rElec rPois rF+ rC+ rN+
                  | Will+ rMut rCorr}
141530 | Vaults:5 | Entered Level 5 of the Vaults
142176 | Vaults:4 | Reached skill level 1 in Axes
143103 | Vaults:5 | Noticed an ancient lich
143459 | Vaults:5 | Killed an ancient lich
143477 | Vaults:5 | Noticed Mennas
144411 | Vaults:5 | Reached skill level 21 in Conjurations
144538 | Vaults:5 | Reached skill level 5 in Axes
145046 | Vaults:5 | Identified the +1 fire dragon scales of Ozxoot {*Corrode
                  | rElec rPois rF++ rC- Str+4}
145821 | Vaults:5 | Identified the ring of Darkness {Ice rPois Will++}
145936 | Vaults:5 | Identified the +4 battleaxe of the Big Bang {vorpal, rElec
                  | Int+4}
146010 | Vaults:5 | Identified the ring "Riyrexka" {*Slow rF+ Dex+4 Stlth+}
146017 | Vaults:5 | Identified the ring of Zaso {+Fly rPois}
146019 | Vaults:5 | Identified the ring of Knowledge {*Tele rF+ Str+3 Slay+3}
146203 | Vaults:5 | Identified the amulet "Sayf" {Spirit Str+6} (You found it
                  | on level 5 of the Vaults)
146207 | Vaults:5 | Got a silver rune of Zot
146723 | Vaults:5 | Identified the Handbook of Noxious Transmigration
146871 | Vaults:5 | Reached XP level 27. HP: 231/254 MP: 30/47
147521 | Vaults:5 | Identified a +1 pair of boots of running (You found it on
                  | level 5 of the Vaults)
147969 | D:14     | Bought a book of Annihilations for 1656 gold pieces
147979 | D:14     | Learned a level 9 spell: Absolute Zero
147979 | D:14     | Bought a book of Ice for 975 gold pieces
148249 | Vaults:1 | Learned a level 9 spell: Fire Storm
148257 | Vaults:1 | Learned a level 6 spell: Ozocubu's Refrigeration
148447 | Hell     | Entered the Vestibule of Hell
148447 | Hell     | Noticed Geryon
148455 | Hell     | Killed Geryon
148775 | Hell     | Noticed Murray
148894 | Hell     | Killed Murray
149375 | Hell     | Found a gateway to the freezing wastes of Cocytus.
149612 | Hell     | Reached skill level 10 in Fire Magic
149880 | Hell     | Found a gateway to the Iron City of Dis.
150286 | Hell     | Found a gateway to the decaying netherworld of Tartarus.
150369 | Hell     | Found a gateway to the ashen valley of Gehenna.
150633 | Depths:5 | Voluntarily entered the Abyss.
150833 | Abyss:1  | Found a corrupted altar of Lugonu.
150924 | Abyss:3  | Found a corrupted altar of Lugonu.
151710 | Abyss:3  | Got an abyssal rune of Zot
151793 | Depths:5 | Escaped the Abyss
151823 | Depths:5 | Voluntarily entered the Abyss.
152126 | Abyss:1  | Found a corrupted altar of Lugonu.
152536 | Depths:5 | Escaped the Abyss
152602 | Depths:5 | Voluntarily entered the Abyss.
153157 | Abyss:2  | Found a corrupted altar of Lugonu.
153282 | Abyss:2  | Reached skill level 15 in Fire Magic
153503 | Depths:5 | Escaped the Abyss
153569 | Depths:5 | Voluntarily entered the Abyss.
153729 | Depths:5 | Escaped the Abyss
153825 | Depths:5 | Voluntarily entered the Abyss.
154159 | Abyss:1  | Found a roughly hewn altar of Beogh.
154189 | Abyss:1  | Noticed an ancient lich
154193 | Abyss:1  | Killed an ancient lich
154431 | Depths:5 | Escaped the Abyss
154488 | Depths:5 | Voluntarily entered the Abyss.
155317 | Depths:5 | Escaped the Abyss
155371 | Depths:5 | Upgraded the game from 0.26-b1-52-g61e05abef2 to
                  | 0.26-b1-57-gb162d0664a
155372 | Depths:5 | Voluntarily entered the Abyss.
156219 | Abyss:1  | Found a corrupted altar of Lugonu.
156706 | Abyss:2  | Found a corrupted altar of Lugonu.
156724 | Abyss:2  | Found a corrupted altar of Lugonu.
156831 | Abyss:2  | Found a corrupted altar of Lugonu.
156999 | Depths:5 | Escaped the Abyss
157083 | Depths:5 | Voluntarily entered the Abyss.
157229 | Depths:5 | Escaped the Abyss
157304 | Depths:5 | Voluntarily entered the Abyss.
157569 | Depths:5 | Escaped the Abyss
157645 | Depths:5 | Voluntarily entered the Abyss.
157648 | Abyss:1  | Found a corrupted altar of Lugonu.
157863 | Abyss:1  | Found a radiant altar of Vehumet.
158296 | Depths:5 | Escaped the Abyss
158536 | Vaults:4 | Bought a manual of Conjurations for 4195 gold pieces
158736 | Depths:2 | Voluntarily entered the Abyss.
159195 | Abyss:2  | Reached skill level 22 in Conjurations
160543 | Abyss:2  | Reached skill level 23 in Conjurations
160767 | Depths:2 | Escaped the Abyss
160801 | Depths:4 | Glimpsed the power of Zot.
160890 | Zot:1    | Entered Level 1 of the Realm of Zot
161056 | Zot:1    | Reached skill level 24 in Conjurations
162557 | Zot:2    | Reached skill level 25 in Conjurations
164768 | Zot:4    | Found an opulent altar of Gozag.
165230 | Zot:4    | Identified the cursed +0 pair of gloves of Misanthropy
                  | {-Tele rPois Will++ Int+4} (You found it on level 4 of the
                  | Realm of Zot)
165685 | Zot:4    | Reached skill level 26 in Conjurations
166068 | Zot:5    | Entered Level 5 of the Realm of Zot
166532 | Zot:5    | Noticed an ancient lich
166539 | Zot:5    | Noticed an ancient lich
166543 | Zot:5    | Noticed an orb of fire
166548 | Zot:5    | Killed an ancient lich
166578 | Zot:5    | Noticed an orb of fire
166579 | Zot:5    | Noticed an ancient lich
166589 | Zot:5    | Killed an ancient lich
166593 | Zot:5    | Killed an orb of fire
166671 | Zot:5    | Noticed an ancient lich
166698 | Zot:5    | Killed an ancient lich
166789 | Zot:5    | Reached skill level 27 in Conjurations
166820 | Zot:5    | Noticed an ancient lich
166825 | Zot:5    | Noticed an orb of fire
166825 | Zot:5    | Killed an ancient lich
166835 | Zot:5    | Killed an orb of fire
166877 | Zot:5    | Acquired flt's Catalogue of the Ashen Volcanoes
166949 | Zot:5    | Noticed an ancient lich
166951 | Zot:5    | Killed an ancient lich
167147 | Zot:5    | Killed an ancient lich
167160 | Zot:5    | Noticed an ancient lich
167191 | Zot:5    | Killed an ancient lich
167460 | Zot:5    | Noticed an ancient lich
167472 | Zot:5    | Killed an ancient lich
167525 | Zot:5    | Noticed an ancient lich
167529 | Zot:5    | Killed an ancient lich
168196 | Zot:5    | Got the Orb of Zot
168270 | Zot:3    | Noticed Oteidgh the pandemonium lord
168722 | D:4      | Noticed Aste the pandemonium lord
168728 | D:4      | Killed Aste the pandemonium lord
168799 | D:4      | Noticed Sunorrah the pandemonium lord
168934 | D:$      | Escaped with the Orb!

Illustrated notes

Levels and vault maps discovered:
D:1:      minmay_arrival_four_loops, layout_loops_corners, serial_bayou_lagoon_a
D:2:      layout_rooms, uniq_sigmund
D:3:      layout_loops_cross, minivault_5
D:4:      layout_gridville, nemelex_xobeh_ov_fountains_minmay,
          fiery_altar_vehumet, uniq_edmund
D:5:      layout_cave_pools, lemuel_angel_altar
D:6:      layout_layer_cave, minmay_temple_entry_junction, serial_shops, shop,
          uniq_grinder
D:7:      layout_loops_ring, slow_altar_1, chequers_ossuary_entry_cave,
          nicolae_gozag_seed_capital, uniq_duvessa, uniq_pikel
D:8:      layout_loops_ring, uniq_maggie, uniq_erica, uniq_psyche
D:9:      layout_roguey, makhleb_altar_promises_db, serial_shops,
          nicolae_shop_stone, basic_altar, ebering_ghost_xom, hex_large,
          serial_bayou_pond_d, hangedman_decor_points,
          minmay_misc_feat_nine_boxes
D:10:     layout_roguey, david_orc_5, uniq_nergalle
D:11:     layout_rooms, erik_lair_island, serial_shops, shop
D:12:     layout_gridville, nicolae_wwwww, st_stairs_11
D:13:     layout_loops_ring, serial_shops, nicolae_shop_waterfront
D:14:     layout_loops_cross, hangedman_vaults_entry_quadrant_bands,
          grunt_decor_cap, kennysheep_crisscross, minmay_misc_feat_cross,
          uniq_nessos, uniq_roxanne
D:15:     grunt_enter_depths_snipers, layout_loops_ring, serial_glass,
          glass_columns_c, glass_columns_a, glass_columns_a, glass_columns_c,
          glass_columns_a, glass_columns_b, glass_columns_b, glass_columns_c,
          glass_columns_b, glass_columns_a, glass_columns_a, glass_columns_a,
          glass_columns_a, glass_columns_b
Temple:   regret_index_temple_mists
Lair:1:   gammafunk_indiana_jones, layout_regular_city,
          grunt_forest_stairs_basic, st_stairs_5, kennysheep_abandoned_house,
          minmay_lair_oklob_chamber, uniq_joseph
Lair:2:   layout_regular_city, uniq_harold
Lair:3:   layout_cave_pods, minmay_snake_entry_guardpost_small, basic_altar,
          serial_bayou_shore_b, serial_bayou_shore_b, lemuel_fruit_tree,
          infiniplex_staircase_pool_2, serial_bayou_shore_b, grunt_megastairs_3
Lair:4:   layout_hall_layers, swamp_mist_pool, eino_house_with_fridge,
          uniq_sonja
Lair:5:   layout_layer_cave, grunt_megastairs_5
Lair:6:   evilmike_catoblepas_cave, layout_misc_corridors,
          dpeg_slime_entry_corner, chequers_serial_rivers_micro_e
Swamp:1:  layout_basic_swamp, serial_swamp_ruin, evilmike_swamp_ruin_house_6,
          evilmike_swamp_ruin_house_5, evilmike_swamp_ruin_rubble_2,
          uniq_frances, uniq_donald, uniq_nikola, uniq_kirke, uniq_aizul
Swamp:2:  layout_basic_swamp, infiniplex_staircase_pool
Swamp:3:  layout_basic_swamp, evilmike_swamp_ruin_house_1, st_shrine_of_shade
Swamp:4:  swamp_basic_johnstein, layout_basic_swamp
Snake:1:  layout_layer_cave, gammafunk_ghost_cemetery, st_stairs_14,
          nrook_guardian_serpent_double, grunt_megastairs_1
Snake:2:  nicolae_snakescales, layout_misc_corridors, minmay_shop_grove
Snake:3:  layout_misc_corridors, uniq_vashnia
Snake:4:  johnstein_snake_rune_scales, layout_cave_town, serial_bayou_shore_a
Slime:1:  layout_caves, nicolae_slime_phagocytosis
Slime:2:  layout_caves
Slime:3:  layout_caves, uniq_dissolution
Slime:4:  layout_caves
Slime:5
Orc:1:    layout_diamond_mine, serial_shops, shop
Orc:2:    st_orc_congregation, layout_diamond_mine, nicolae_orc_tapped_out
Elf:1:    layout_geoelf_diagonals, serial_shops, shop, shop,
          nicolae_shop_waterfront, shop, minmay_elf_demonology,
          nicolae_elf_big_sculpture_1, uniq_louise
Elf:2:    layout_gridlike, serial_shops,
          nicolae_shop_temple_entry_statues_fountains, gammafunk_ghost_arena,
          uniq_agnes
Elf:3:    minmay_elf_hall_circle, layout_geoelf_octagon, ebering_ghost_xom,
          basic_altar, uniq_asterion
Vaults:1: v_misc_30, vaults_room_door_ring, v_misc_15, v_misc_22,
          vaults_mumra_chevron_long, nicolae_vaults_c_with_doors,
          nicolae_vaults_ninety_degrees, nicolae_vaults_mini_display_case,
          vaults_room_semicircle, ontoclasm_vaults_twist,
          layout_vaults_chaotic_city, serial_shops,
          nicolae_shop_window_shopping, nicolae_shop_waterfront, shop, shop
Vaults:2: v_misc_10, v_misc_11, st_octagons_1, serial_ice_h, vaults_dpeg_ring,
          hangedman_vaults_maws, vaults_room_semicircle, vaults_dpeg_diagonal,
          layout_vaults_omnigrid
Vaults:3: v_alt_pattern_3, ontoclasm_vaults_ring_large,
          minmay_crypt_entry_simple_sparse, hangedman_vaults_corner,
          nicolae_vaults_alarming, v_misc_12, nicolae_vaults_murderbox,
          grunt_vaults_hallway_short, vaults_dpeg_doors, vaults_mumra_lcd,
          vaults_room_stairs_pillars, nicolae_vaults_shelves_hall,
          vaults_dpeg_encased_lava, layout_vaults_omnicross, serial_shops,
          shop_scrolls
Vaults:4: ontoclasm_vaults_shuriken, v_misc_3, nicolae_vaults_twisting_passages,
          st_more_cells, v_pattern_2, nicolae_vaults_three_branches,
          hangedman_vaults_nodes, vaults_room_octagon, v_misc_22,
          nicolae_vaults_big_angled_halls, v_alt_pattern_6, v_misc_24,
          layout_vaults_omnibox, mu_enter_wizlab_4, serial_shops, shop, shop,
          shop_statue, shop, shop, uniq_margery
Vaults:5: uniq_mennas
Crypt:1:  layout_chaotic_city, grunt_crypt_arrival_webbed, grunt_megastairs_4,
          uniq_saint_roka
Crypt:2:  due_chaos_kobolds, layout_regular_city, minivault_23
Crypt:3:  grunt_crypt_end_deaths_head
Depths:1: layout_roguey, ziggurat_fallback, gammafunk_ghost_abyssal_escape,
          kennysheep_pointless_box, grunt_mini_vestibule, lemuel_flamethrower_1
Depths:2: lightli_eight_chambers, layout_gridlike, hangedman_coc_ice_floe,
          rand_demon_pan_entry_9, gammafunk_ghost_grave,
          minmay_misc_feat_hallway, abyss_entry, minmay_misc_feat_ornament,
          minmay_misc_feat_rugged, serial_bayou_shore_b,
          infiniplex_staircase_trident
Depths:3: emtedronai_trogs_sanctum, layout_basic, grunt_pan_entry_zigzag,
          hell_entry, dk_noncrumbling_4, nicolae_ashenzari_panopticon,
          minmay_staircase_windowed_small
Depths:4: kennysheep_windowed_halls, layout_basic, hangedman_decor_lopped,
          abyss_entry_flame_altar, gammafunk_ghost_abyssal_escape,
          serial_curves, eino_curves_03, eino_curves_04,
          grunt_hell_entry_dis_mu, serial_bayou_pond_e, uniq_frederick,
          uniq_sojobo
Depths:5: evilmike_zot_entry_gauntlet, layout_gridlike, bh_walls_and_bars,
          hellmouth_1, pan_entry, marbit_kobold_abyss_entry, hallowed_hall,
          uniq_enchantress, uniq_xtahua
Hell
Zot:1:    layout_misc_corridors
Zot:2:    lemuel_draconian_sentries_small, layout_basic, st_stairs_8
Zot:3:    layout_cathedral_of_symmetry
Zot:4:    circus_mu, layout_cathedral_of_symmetry, basic_altar,
          grunt_megastairs_2
Zot:5:    layout_cathedral_of_symmetry

Skill      XL: |  1  2  3  4  5  6  7  8  9 10 11 12 13 14 15 16 17 18 19 20 21 22 23 24 25 26 27 |
---------------+----------------------------------------------------------------------------------+-----
Dodging        | 2 3 4 5 6 7 9 10 12 13 15 16 | 16.0
Fighting       | 1 2 3 4 6 7 9 10 11 12 14 17 20 22 | 22.0
Spellcasting   | 3 4 5 6 8 9 10 11 12 14 15 16 18 20 | 20.5
Conjurations   | 5 6 7 9 10 11 12 13 15 16 18 19 20 21 27 | 27.0
Maces & Flails | 2 4 6 |  6.6
Hexes          | 3 |  3.0
Summonings     | 6 7 8 |  8.0
Ice Magic      | 4 6 8 10 11 13 14 | 14.0
Shields        | 4 5 13 15 | 15.0
Fire Magic     | 3 6 7 8 23 | 23.3
Polearms       | 1 4 6 |  6.0
Air Magic      | 4 5 6 8 |  8.0
Evocations     | 8 |  8.0
Axes           | 8 |  8.1
Stealth        | |  1.7

Action                   |  1- 3 |  4- 6 |  7- 9 | 10-12 | 13-15 | 16-18 | 19-21 | 22-24 | 25-27 || total
-------------------------+-------+-------+-------+-------+-------+-------+-------+-------+-------++-------
Melee: Unarmed           |     7 |       |       |       |       |       |       |       |       ||     7
       Dagger            |    17 |    26 |       |       |       |       |       |       |       ||    43
       Tailslap          |     2 |     1 |     6 |    16 |    85 |    47 |    47 |    53 |   118 ||   375
       Flail             |       |       |   115 |       |       |       |       |       |       ||   115
       Morningstar       |       |       |    10 |   195 |   297 |       |       |       |       ||   502
       Trident           |       |       |       |       |   316 |   392 |   388 |   372 |   117 ||  1585
       Bite              |       |       |       |       |    67 |    34 |    41 |    32 |    91 ||   265
       Broad axe         |       |       |       |       |       |       |       |       |   914 ||   914
Throw: Boomerang         |       |       |       |       |     1 |       |     3 |       |     3 ||     7
 Cast: Magic Dart        |    59 |    47 |    83 |   129 |    49 |     8 |     7 |     1 |       ||   383
       Searing Ray       |     3 |    17 |    43 |   121 |   107 |    17 |       |       |       ||   308
       Fulminant Prism   |       |       |     2 |   107 |    65 |    19 |     1 |     3 |       ||   197
       Frozen Ramparts   |       |       |       |     6 |    73 |     5 |       |       |       ||    84
       Ozocubu's Armour  |       |       |       |     4 |    51 |    12 |       |     1 |     3 ||    71
       Hailstorm         |       |       |       |     2 |     1 |       |       |       |       ||     3
       Summon Ice Beast  |       |       |       |     1 |    37 |   280 |    96 |    19 |     2 ||   435
       Fireball          |       |       |       |       |   172 |   257 |    85 |    15 |    66 ||   595
       Summon Lightning  |       |       |       |       |     1 |     9 |     1 |       |       ||    11
       Freezing Cloud    |       |       |       |       |       |   215 |   208 |   193 |    37 ||   653
       Airstrike         |       |       |       |       |       |       |    37 |    44 |   234 ||   315
       Lightning Bolt    |       |       |       |       |       |       |    16 |    47 |    33 ||    96
       Blink             |       |       |       |       |       |       |     2 |     3 |    12 ||    17
       Orb of Destructio |       |       |       |       |       |       |   222 |   411 |   902 ||  1535
       Apportation       |       |       |       |       |       |       |     1 |    41 |   211 ||   253
       Spellforged Servi |       |       |       |       |       |       |       |     6 |     8 ||    14
       Stone Arrow       |       |       |       |       |       |       |       |       |     3 ||     3
       Iron Shot         |       |       |       |       |       |       |       |       |    24 ||    24
       Ozocubu's Refrige |       |       |       |       |       |       |       |       |   202 ||   202
       Fire Storm        |       |       |       |       |       |       |       |       |    20 ||    20
Invok: Potion Petition   |       |       |     1 |     1 |     4 |     4 |     3 |     4 |     9 ||    26
       Call Merchant     |       |       |       |       |     2 |       |     3 |       |     4 ||     9
       Bribe Branch      |       |       |       |       |       |       |       |       |     1 ||     1
 Abil: Breathe Acid      |       |       |     6 |     8 |     8 |     1 |     3 |     2 |       ||    28
Evoke: Wand              |       |       |       |       |       |     3 |     2 |     2 |     4 ||    11
       Tin of tremorston |       |       |       |       |       |     1 |       |       |       ||     1
  Use: Potion            |       |     3 |       |     3 |     8 |    11 |     6 |     1 |    11 ||    43
       Scroll            |       |       |    23 |    11 |     6 |    14 |    19 |    18 |    28 ||   119
 Stab: Sleeping          |     1 |       |     1 |       |     5 |     1 |     1 |     1 |       ||    10
       Distracted        |       |       |       |     1 |     7 |     7 |     8 |     2 |    13 ||    38
       Invisible         |       |       |       |       |     5 |       |       |       |       ||     5
       Confused          |       |       |       |       |       |     1 |       |       |       ||     1
Armor: Skin              |    12 |    16 |    76 |    99 |   234 |   130 |    87 |    80 |   264 ||   998
Dodge: Dodged            |    32 |    25 |   133 |   340 |   825 |   565 |   301 |   264 |   889 ||  3374
       Repelled          |       |       |     1 |    12 |    12 |    41 |    14 |     9 |    44 ||   133
Block: Buckler           |       |       |       |       |   168 |   200 |    43 |       |       ||   411
       Kite shield       |       |       |       |       |       |       |   312 |   407 |  1167 ||  1886
       Reflection        |       |       |       |       |       |       |    62 |    83 |    55 ||   200
       Rpst.: Trident    |       |       |       |       |       |       |     6 |    24 |       ||    30
